 Dungeon Crawl Stone Soup version 0.31-a0-339-gda1cbd555d (webtiles) character file.

Game seed: 6519347185979063108

87424 ragingrage the Spry (level 15, -3/72 HPs)
             Began as a Felid Chaos Knight on July 21, 2023.
             Was a Plaything of Xom.
             Slain by a spriggan rider
             ... wielding a +1 spear of venom
              (18 damage)
             ... on level 1 of the Swamp.
             The game lasted 01:03:20 (30060 turns).

ragingrage the Spry (Felid Chaos Knight)           Turns: 30060, Time: 01:03:21

Health: -3/72      AC: 13    Str: 11 (12) XL:     15   Next: 43%
Magic:  19/19      EV: 23    Int: 13 (14) God:    Xom [.*....]
Gold:   1290       SH:  0    Dex:  9 (19) Spells: 11/18 levels left
                                        Lives:  0   Deaths: 4

rFire   + .          .
                       - Unarmed
rCold   + . .        (shield unavailable)
rNeg    + . .        (body armour unavailable)
rPois   +            (helmet unavailable)
rElec   .            (cloak unavailable)
rCorr   .            (gloves unavailable)
SInv    +            (boots unavailable)
Will    ++...        N - amulet "Raga" {Rampage rPois rF+ rN+ Regen+}
Stlth   +++++        p - +4 ring of protection
HPRegen 1.12/turn    d - +4 ring of protection
MPRegen 0.16/turn

%: rampage
@: lethally poisoned (-3 -> -3), about to teleport, maw-form, slowed, slow
A: devouring maw, very small, claws 1, fangs 3, see invisible, speed 1, shaggy
fur 3, stealthy paws, no weapons or thrown items, no armour, multi-lived,
iridescent scales 1, deterioration 1, wild magic 3, no potion heal 1, MP-powered
wands
a: Begin Untransformation, Renounce Religion


You were on level 1 of the Swamp.
You worshipped Xom.
You were a plaything of Xom.
You were a creature with a mouth for a stomach.
You visited 5 branches of the dungeon, and saw 24 of its levels.
You also visited: Sewer, Ossuary, Bailey, Gauntlet and Ice Cave.

You collected 2252 gold pieces.
You spent 962 gold pieces at shops.

Inventory:

Jewellery
 d - a +4 ring of protection (right paw)
 l - a ring of flight
 p - a +4 ring of protection (left paw)
 F - the ring "Hoharud" {Ice rElec rN+ Dex-4}
   (You found it in a Gauntlet)

   [ring of ice]

   It enhances your ice magic.
   Dex:       It affects your dexterity (-4).
   rF:        It makes you vulnerable to fire.
   rC:        It protects you from cold.
   rElec:     It insulates you from electricity.
   rN:        It protects you from negative energy.
 J - a ring of protection from fire
 M - a ring of protection from cold
 N - the amulet "Raga" (around neck) {Rampage rPois rF+ rN+ Regen+}
   (You found it in a Gauntlet)

   [amulet of regeneration]

   rF:        It protects you from fire.
   rPois:     It protects you from poison.
   rN:        It protects you from negative energy.
   Regen:     It increases your rate of health regeneration.
   Rampage:   It bestows one free step when moving towards enemies.
Talismans
 r - a maw talisman
Wands
 e - a wand of iceblast (4)
 j - a wand of flame (5)
 u - a wand of polymorph (9)
 C - a wand of acid (37)
 H - a wand of paralysis (22)
 K - a wand of digging (4)
Scrolls
 b - 7 scrolls of fog
 f - a scroll of vulnerability
 g - 10 scrolls of teleportation
 i - 2 scrolls of torment
 s - 5 scrolls of revelation
 x - a scroll of summoning
 y - 3 scrolls of blinking
 A - 7 scrolls of fear
 E - 6 scrolls of immolation
 I - 6 scrolls of poison
 Q - 3 scrolls of amnesia
Potions
 c - 4 potions of mutation
 k - 4 potions of enlightenment
 m - a potion of ambrosia
 n - 5 potions of haste
 o - 6 potions of brilliance
 t - 4 potions of heal wounds
 v - a potion of magic
 w - 4 potions of resistance
 z - 3 potions of attraction
 B - 4 potions of curing
 D - 5 potions of cancellation
 G - a potion of berserk rage
 L - 2 potions of lignification
Miscellaneous
 a - a piece from Xom's chessboard (15/15) (quivered)
 h - a phantom mirror
 q - a phial of floods


   Skills:
 + Level 11.9 Fighting
 - Level 17.0 Dodging
 - Level 12.0 Stealth
 - Level 17.0 Unarmed Combat
 - Level 2.0 Spellcasting
 - Level 11.0 Hexes
 - Level 6.0 Transmutations
 - Level 5.0 Ice Magic
 - Level 4.0 Earth Magic
 + Level 5.0 Evocations
 - Level 10.0 Shapeshifting


You had 11 spell levels left.
You knew the following spells:

 Your Spells              Type           Power      Damage    Failure   Level
a - Confusing Touch       Hex            54%        N/A       6%          3
b - Ensorcelled Hibernat  Hex/Ice        82%        N/A       8%          2
c - Passwall              Tmut/Erth      22%        N/A       17%         2

Your spell library contained the following spells:

 Spells                   Type           Power      Damage    Failure   Level
 Slow                     Hex            100%       N/A       3%          1
 Cause Fear               Hex            27%        N/A       12%         4
 Dazzling Flash           Conj/Hex       58%        N/A       24%         3
 Ozocubu's Armour         Ice            27%        N/A       28%         3
 Leda's Liquefaction      Hex/Erth       19%        N/A       32%         4
 Kiss of Death            Conj/Necr      8%         2d6       52%         1
 Magic Dart               Conj           8%         1d3       52%         1
 Hailstorm                Conj/Ice       14%        3d5       52%         3
 Petrify                  Tmut/Erth      27%        N/A       58%         4
 Call Imp                 Summ           4%         N/A       63%         2
 Static Discharge         Conj/Air       4%         2-3/arc   63%         2
 Sublimation of Blood     Necr           2%         N/A       63%         2
 Mephitic Cloud           Conj/Pois/Air  2%         N/A       82%         3
 Swiftness                Air            2%         N/A       82%         3
 Vampiric Draining        Necr           2%         2d6       82%         3
 Silence                  Hex/Air        14%        N/A       82%         5
 Summon Ice Beast         Ice/Summ       14%        N/A       86%         4
 Lee's Rapid Deconstruct  Erth           11%        3d8*      94%         5
 Irradiate                Conj/Tmut      8%         3d14      98%         5
 Airstrike                Air            1%         2d(1-17)  99%         4
 Animate Dead             Necr           2%         N/A       99%         4
 Dispel Undead            Necr           2%         3d7       99%         4
 Summon Lightning Spire   Summ/Air       2%         N/A       99%         4
 Borgnjor's Vile Clutch   Necr/Erth      6%         N/A       99%         5
 Agony                    Necr           2%         N/A       100%        5
 Fireball                 Conj/Fire      1%         3d3       100%        5
 Iskenderun's Battlesphe  Conj           2%         2d6       100%        5
 Conjure Ball Lightning   Conj/Air       1%         3x3d6     100%        6
 Death Channel            Necr           1%         N/A       100%        6
 Leda's Unmaking          Conj/Erth      6%         9d2       100%        6
 Simulacrum               Ice/Necr       7%         N/A       100%        6
 Haunt                    Necr/Summ      1%         N/A       100%        7
 Orb of Destruction       Conj           1%         9d5       100%        7
 Ozocubu's Refrigeration  Ice            13%        4d10      100%        7
 Infestation              Necr           1%         N/A       100%        8
 Dragon's Call            Summ           1%         N/A       100%        9


Dungeon Overview and Level Annotations

Branches:
Dungeon (15/15)            Temple (1/1) D:4            Lair (5/5) D:9
  Swamp (1/4) Lair:2       Spider (0/4) Lair:2        Slime (0/5) Lair:4
    Orc (2/2) D:11            Elf (0/3) Orc:2        Vaults (0/5) D:14
 Depths (0/4) D:15          Sewer (visited)         Ossuary (visited)
 Bailey (visited)           IceCv (visited)         Gauntlet (visited)

Altars:
Ashenzari
Cheibriados
Dithmenos
Elyvilon
Fedhas
Gozag
Hepliaklqana
Kikubaaqudgha
Makhleb
Nemelex Xobeh
Okawaru
Qazlal
Ru
Sif Muna
Trog
Uskayaw
Vehumet
Wu Jian
Xom
Yredelemnul
Zin
The Shining One
Jiyva

Shops:
D:2 [?   D:3 !   D:13 [   D:15 =   Orc:2 (=*!

Annotations:
D:14 3 runed translucent doors
Lair:5 2 runed translucent doors


Innate Abilities, Weirdness & Mutations

You are a creature with a mouth for a stomach.
Your midsection houses a second, enormous mouth.
You have sharp claws.
You have razor-sharp teeth.
You have supernaturally acute eyesight. (SInv)
You cover ground quickly. (Speed+)
Your thick and shaggy fur keeps you warm. (AC +3, rC+)
Your paws help you pounce on unaware monsters.
You are incapable of wielding weapons or throwing items.
You cannot wear armour.
You gain extra lives every three experience levels.
You are partially covered in iridescent scales. (AC +2)
Your body sometimes deteriorates upon taking damage.
Your spells are much harder to cast, but much more powerful.
Potions are less effective at restoring your health.
You expend magic power (3 MP) to strengthen your wands.


Message History

The spriggan rider hits you from afar with a +0 spear!
Your body deteriorates!
You feel dopey. The swamp worm barely misses you.
Your unstable footing causes you to fumble your attack.
Xom asks Qazlal to spice things up a little.
You are now a plaything of Xom.
The swamp worm fires a harpoon shot at you.
The harpoon shot hits you but does no damage.
A bunyip comes into view.
The spriggan rider closely misses you.
The swamp worm fires a harpoon shot at you.
The harpoon shot misses you.
The bunyip howls a warning cry!
The spriggan rider hits you from afar with a +1 spear of venom!
The swamp worm fires a harpoon shot at you.
The harpoon shot hits you but does no damage.
The spriggan rider hits you from afar with a +0 spear!
Your body deteriorates!
You feel clumsy.
The spriggan rider hits you but does no damage.
You are poisoned.
The bunyip barely misses you. The bunyip completely misses you.
The bunyip barely misses you.
A tyrant leech comes into view.
You hear a roar!
You feel very sick.
A swamp worm comes into view.
The spriggan rider completely misses you.
The spriggan rider throws a curare-tipped dart.
The curare-tipped dart hits you.
You have difficulty breathing.
You feel yourself slow down.
Unknown command.
As you read the scroll of teleportation, it crumbles to dust.
You feel strangely unstable.
You feel sick.
The swamp worm is engulfed in seething chaos.
The spriggan rider hits you from afar with a +0 spear!
* * * LOW HITPOINT WARNING * * *
The spriggan rider hits you from afar with a +1 spear of venom!!
You die...
Xom laughs nastily!

#.##)♣#.~~. ♣...~.♣
... ♣♣....♣♣♣.
♣....♣♣w# .
♣.~.♣..♣)# .~.~
♣.~♣♣♣.♣w######.?.~.
♣~~. ♣.♣.x.§~~.~....
♣..♣ ♣)♣.~wi~....~..
♣.~~ ♣♣)♣W.i.n~~~...
♣.. ♣~.~..~.~.....
♣~~...~..~=..(
♣♣.?.~§~.~....
~..?.$♣~...~~
♣♣......~♣....
♣.^♣♣...~♣. ~~~♣
..~♣


You could see a bunyip, a tyrant leech (wandering), 2 spriggan riders, a bog
body and 2 swamp worms.

Vanquished Creatures
  Gastronok (Lair:1)
  A caustic shrike zombie (D:15)
  2 orc warlords
  2 minotaurs
  The ghost of Demosthentine the Grand Scion, a journeyman DsGl of Hepliaklqana (D:14)
  A yaktaur captain (D:14)
  A fire dragon (D:14)
  5 hydras
  Erolcha (D:9)
  3 centaur warriors (D:14)
  An ogre mage (D:15)
  2 boulder beetles
  9 two-headed ogres
  The ghost of freelancePsychic the Frost Mage, a journeyman DEIE of Vehumet (Lair:2)
  2 tengu warriors (D:14)
  5 death yaks
  A thrashing horror (Gauntlet)
  5 orc high priests (Orc:2)
  A skyshark (Lair:2)
  2 skeletal warriors (D:15)
  A wretched star (Gauntlet)
  2 spriggan druids (Swamp:1)
  A flayed ghost (D:15)
  2 spark wasp zombies (D:15)
  2 bog bodies
  A harpy (shapeshifter) (D:11)
  10 orc knights
  A wizard (D:15)
  2 lindwurms
  4 orc sorcerers
  2 deep elf pyromancers
  A wolf spider (D:15)
  9 cyclopes
  2 necromancers
  A fire giant zombie (D:15)
  5 manticores
  15 ugly things
  6 elephants
  5 black mambas
  3 molten gargoyles (Lair:5)
  2 ice statues (IceCv)
  13 cane toads
  A gargoyle (D:11)
  A cane toad (shapeshifter) (D:14)
  A kobold demonologist (D:11)
  Psyche (D:10)
  2 yaktaurs (D:14)
  2 rime drakes (Lair:5)
  8 komodo dragons
  2 anaconda simulacra (IceCv)
  2 efreet
  5 ice devils (IceCv)
  11 trolls
  A freezing wraith (D:15)
  A polar bear (Lair:2)
  A hornet (D:10)
  Grinder (D:6)
  A raiju (Lair:4)
  18 blink frogs
  10 dream sheep
  Sigmund (D:6)
  3 slime creatures
  A centaur simulacrum (D:14)
  3 flying skulls (Gauntlet)
  A shadow (D:12)
  A spriggan (shapeshifter) (D:14)
  A jumping spider (shapeshifter) (D:15)
  A vampire (D:10)
  3 large abominations (Gauntlet)
  7 wraiths
  3 dire elephant simulacra (IceCv)
  2 yaks (shapeshifter)
  2 spriggans (Swamp:1)
  10 wyverns
  A steam dragon (Lair:5)
  A neqoxec (Gauntlet)
  7 vampire mosquitoes
  5 basilisks
  43 yaks
  A human (Lair:2)
  2 harpy simulacra (IceCv)
  6 wargs
  An acid dragon (D:12)
  13 water moccasins
  3 hydra simulacra (IceCv)
  8 small abominations (Gauntlet)
  4 hell hounds (Lair:5)
  3 ice beasts
  A swamp drake (Swamp:1)
  66 orc warriors
  A sky beast (D:7)
  4 boggarts (D:14)
  24 ogres
  6 wolves (Lair:3)
  4 centaurs
  2 kobold brigands (D:11)
  10 bullfrogs
  A necrophage (D:6)
  9 gnoll sergeants
  3 scorpions
  A cane toad simulacrum (IceCv)
  8 wights
  A troll zombie (Ossuary)
  9 killer bees
  3 electric eels
  A howler monkey (D:5)
  5 lava snakes
  3 jellies
  4 bullfrog zombies (D:6)
  3 centaur zombies
  A human zombie (D:6)
  5 hounds
  A gnoll bouda (D:8)
  26 orc priests
  Crazy Yiuf (D:7)
  3 iguanas
  2 sleepcaps
  13 orc wizards
  A spriggan simulacrum (IceCv)
  A wolf simulacrum (IceCv)
  2 ogre zombies (Ossuary)
  10 mummies
  28 gnolls
  14 adders
  7 river rats (Sewer)
  A shadow imp (D:7)
  3 white imps
  An ufetubus (IceCv)
  7 adder zombies (Ossuary)
  A worm (D:3)
  2 dart slugs
  96 orcs
  16 ball pythons
  10 endoplasms
  3 giant cockroaches
  A gnoll zombie (Ossuary)
  21 goblins
  14 hobgoblins
  9 jackals
  3 quokkas
  4 bats
  7 frilled lizards
  3 goblin zombies (Ossuary)
  3 hobgoblin zombies (Ossuary)
  2 kobolds
  5 kobold zombies (Ossuary)
  5 quokka zombies (Ossuary)
  27 rats
  A rat zombie (Ossuary)
872 creatures vanquished.

Vanquished Creatures (collateral kills)
  Nessos (Orc:2)
  An ugly thing (D:9)
  An elephant (Lair:5)
  A cane toad (Lair:1)
  A komodo dragon (Lair:5)
  A polar bear (Lair:5)
  2 trolls (D:9)
  A blink frog (Lair:5)
  A wyvern (D:4)
  Menkaure (D:4)
  An acid dragon (D:9)
  2 orc warriors
  An ogre (D:4)
  A bullfrog (D:9)
  5 killer bees (D:9)
  A centaur zombie (Ossuary)
  An orc priest (D:9)
  A small abomination (Gauntlet)
  2 orc wizards
  6 gnolls
  6 orcs
  2 bat zombies (D:4)
  3 giant cockroaches (D:4)
  2 goblins
  A hobgoblin (Bailey)
  A kobold (D:4)
47 creatures vanquished.

Vanquished Creatures (others)
  A centaur simulacrum (D:14)
  An orc (Orc:2)
  A kobold (D:3)
3 creatures vanquished.

Grand Total: 922 creatures vanquished

Notes
Turn   | Place    | Note
-------+----------+-------------------------------------------
     0 | D:1      | ragingrage the Felid Chaos Knight began the quest for the
                  | Orb.
     0 | D:1      | Reached XP level 1. HP: 10/10 MP: 2/2
    47 | D:1      | XOM: divination: magic mapping
   219 | D:1      | Reached skill level 1 in Stealth
   219 | D:1      | Reached XP level 2. HP: 14/14 MP: 3/3
   326 | D:1      | XOM: summons 2 hostile demons
   593 | D:2      | Found The Oracle's Delphic Readings.
   597 | D:2      | Bought a scroll of teleportation for 36 gold pieces
   611 | D:2      | Reached XP level 3. HP: 17/17 MP: 4/4
   692 | D:2      | XOM: draining
   745 | D:2      | XOM: divination: detect creatures
   755 | D:2      | Found Vullo's Armour Shoppe.
   781 | D:2      | Found a white marble altar of Elyvilon.
   936 | D:2      | XOM: 8-stop teleportation journey
  1199 | D:3      | Reached XP level 4. HP: 19/20 MP: 5/5
  1245 | D:3      | XOM: scenery: summon butterflies
  1261 | D:3      | Found Zabim's Distillery.
  1566 | D:3      | XOM: enchant monster (good)
  1714 | D:3      | Found a glowing silver altar of Zin.
  1714 | D:3      | Noticed an angel
  1782 | D:3      | XOM is BORED!
  1965 | D:4      | Found a glowing golden altar of the Shining One.
  1979 | D:4      | XOM: scenery: 1 fountains blood, 1 doors close
  2054 | D:4      | Noticed a wyvern
  2066 | D:4      | Noticed an ogre
  2071 | D:4      | Killed an ogre
  2072 | D:4      | Reached skill level 5 in Unarmed Combat
  2072 | D:4      | Reached XP level 5. HP: 24/24 MP: 6/6
  2094 | D:4      | XOM: 3-stop teleportation journey
  2129 | D:4      | Learned a level 3 spell: Confusing Touch
  2308 | D:4      | Gained mutation: You are covered in thick fur. (AC +2)
                  | [Felid growth]
  2308 | D:4      | Reached XP level 6. HP: 17/28 MP: 7/7
  2334 | D:4      | Found an ancient bone altar of Kikubaaqudgha.
  2340 | D:4      | XOM: give mutations
  2340 | D:4      | Gained mutation: You are agile. (Dex +4, Str/Int -1) [Xom's
                  | grace]
  2340 | D:4      | Gained mutation: You are somewhat resistant to further
                  | mutation. [Xom's grace]
  2401 | D:4      | Found a glowing drain.
  2402 | D:4      | Noticed Menkaure
  2406 | D:4      | Reached skill level 5 in Hexes
  2416 | D:4      | Killed Menkaure
  2417 | D:4      | Reached XP level 7. HP: 31/31 MP: 8/8
  2435 | D:4      | XOM: give mutations
  2435 | D:4      | Gained mutation: Your natural rate of healing is unusually
                  | fast. [Xom's grace]
  2435 | D:4      | Gained mutation: You are somewhat resistant to both further
                  | mutation and mutation removal. [Xom's grace]
  2435 | D:4      | Gained mutation: Your spells are a little harder to cast,
                  | but a little more powerful. [Xom's grace]
  2448 | D:4      | Killed a wyvern
  2457 | Sewer    | Entered a sewer
  2602 | Sewer    | XOM: fog
  2618 | Sewer    | XOM: cloud trail
  2686 | Sewer    | XOM: polymorph rat -> jackal
  2719 | Sewer    | XOM: god gift: 11 gold pieces
  2738 | Sewer    | Reached skill level 1 in Spellcasting
  2745 | Sewer    | XOM: give mutations
  2745 | Sewer    | Lost mutation: You are somewhat resistant to both further
                  | mutation and mutation removal. [Xom's grace]
  2745 | Sewer    | Lost mutation: You are somewhat resistant to further
                  | mutation. [Xom's grace]
  2745 | Sewer    | Gained mutation: You have hidden genetic potential. [Xom's
                  | grace]
  2745 | Sewer    | Gained mutation: You have a pair of small horns on your
                  | head. [Xom's grace]
  2745 | Sewer    | Gained mutation: Your mind is acute. (Int +4, Str/Dex -1)
                  | [Xom's grace]
  2746 | Sewer    | HP: 1/32 [constriction (1)]
  2750 | Sewer    | Slain by a ball python
  2751 | Sewer    | Reached XP level 6. HP: 0/28 MP: 8/8
  2798 | Sewer    | Reached XP level 7. HP: 32/32 MP: 9/9
  2853 | Sewer    | XOM: cloud trail
  2918 | D:4      | XOM: scenery: 1 doors close
  2970 | D:4      | XOM: scenery: create altars
  3020 | D:4      | Found a staircase to the Ecumenical Temple.
  3026 | Temple   | Entered the Ecumenical Temple
  3350 | D:4      | XOM: give mutations
  3350 | D:4      | Gained mutation: Your flesh is cold resistant. (rC+) [Xom's
                  | grace]
  3350 | D:4      | Gained mutation: Your flesh is heat resistant. (rF+) [Xom's
                  | grace]
  3471 | D:5      | Entered Level 5 of the Dungeon
  3492 | D:5      | XOM: scenery: create altars
  3635 | D:5      | Found a sand-covered staircase.
  3639 | Ossuary  | Entered an ossuary
  3697 | Ossuary  | Gained mutation: You are strong-willed. (Will+) [hidden
                  | potential]
  3753 | Ossuary  | Reached XP level 8. HP: 19/36 MP: 3/10
  3841 | Ossuary  | XOM: scenery: 2 doors close
  3859 | Ossuary  | XOM: summons 3 friendly demons
  3902 | Ossuary  | XOM: butterfly on damage
  3985 | Ossuary  | XOM: divination: magic mapping
  4316 | D:5      | XOM: noise
  4392 | D:5      | XOM: noise
  4677 | D:4      | XOM: divination: magic mapping
  4758 | D:5      | Reached skill level 1 in Shapeshifting
  5200 | D:6      | Gained mutation: You are partially covered in iridescent
                  | scales. (AC +2) [hidden potential]
  5200 | D:6      | Lost mutation: You have hidden genetic potential. [hidden
                  | potential expressed]
  5210 | D:6      | Noticed Grinder
  5211 | D:6      | Noticed Sigmund
  5237 | D:6      | Killed Grinder
  5264 | D:6      | Killed Sigmund
  5291 | D:6      | XOM: enchant monster (good)
  5389 | D:6      | Reached XP level 9. HP: 39/39 MP: 11/11
  5416 | D:6      | Found a basalt altar of Yredelemnul.
  5452 | D:6      | XOM: give mutations
  5452 | D:6      | Gained mutation: You heal very quickly. [Xom's grace]
  5452 | D:6      | Gained mutation: Your spells are harder to cast, but more
                  | powerful. [Xom's grace]
  5526 | D:6      | XOM: butterfly on damage
  5533 | D:6      | Reached skill level 10 in Unarmed Combat
  5563 | D:7      | Reached skill level 5 in Stealth
  5745 | D:7      | Found a flagged portal.
  5754 | Bailey   | Entered a bailey
  5790 | Bailey   | Noticed an orc knight
  5835 | Bailey   | Reached skill level 5 in Dodging
  5839 | Bailey   | XOM: destruction
  5840 | Bailey   | XOM: butterfly on damage
  5842 | Bailey   | XOM: enchant monster (good)
  5873 | Bailey   | XOM: enchant monster (good)
  5873 | Bailey   | XOM: butterfly on damage
  5884 | Bailey   | Killed an orc knight
  5932 | Bailey   | Reached skill level 5 in Fighting
  5966 | Bailey   | XOM: polymorph hobgoblin -> goblin
  5967 | Bailey   | XOM: cast spell 'Summon Mana Viper'
  6098 | Bailey   | Reached skill level 5 in Shapeshifting
  6098 | Bailey   | Reached XP level 10. HP: 44/44 MP: 12/12
  6150 | Bailey   | Noticed an orc warlord
  6163 | Bailey   | XOM: confuse monster(s)
  6170 | Bailey   | XOM: butterfly on damage
  6178 | Bailey   | Killed an orc warlord
  6724 | D:7      | Found a runed translucent door.
  6725 | D:7      | Noticed Crazy Yiuf
  7183 | D:7      | Found a shadowy altar of Dithmenos.
  7265 | D:7      | XOM: cloud trail
  7532 | D:7      | Found a bloodstained altar of Trog.
  7702 | D:7      | Killed Crazy Yiuf
  7747 | D:8      | XOM: give mutations
  7747 | D:8      | Gained mutation: Your spells are much harder to cast, but
                  | much more powerful. [Xom's grace]
  7747 | D:8      | Gained mutation: You possess an exceptional clarity of
                  | mind. [Xom's grace]
  7747 | D:8      | Gained mutation: Your mind is very acute. (Int +8, Str/Dex
                  | -2) [Xom's grace]
  7810 | D:8      | Found a snail-covered altar of Cheibriados.
  7870 | D:8      | XOM: butterfly on damage
  7969 | D:8      | Found an opulent altar of Gozag.
  8124 | D:8      | XOM: 2-stop teleportation journey
  8128 | D:8      | Found a sacrificial altar of Ru.
  8375 | D:8      | XOM: potion effect (berserk rage)
  8388 | D:8      | XOM: enchant monster (good)
  8568 | D:9      | Found a shimmering altar of Xom.
  8568 | D:9      | Noticed a brown ugly thing
  8572 | D:9      | Killed a brown ugly thing
  8633 | D:9      | XOM: god gift: book of Unlife
  8711 | D:9      | Found a staircase to the Lair.
  8792 | D:9      | Noticed Erolcha
  8794 | D:9      | XOM: swap monsters
  8801 | D:9      | Killed Erolcha
  8802 | D:9      | Reached XP level 11. HP: 16/47 MP: 3/13
  9057 | D:9      | XOM: potion effect (might)
  9172 | D:10     | Entered Level 10 of the Dungeon
  9195 | D:10     | XOM: summons 8 friendly demons
  9291 | D:10     | XOM: 1-stop teleportation journey
  9344 | D:10     | Noticed Psyche
  9351 | D:10     | Killed Psyche
  9500 | D:10     | XOM: stat loss: -1 Dex (19/20)
  9738 | D:10     | Found a burning altar of Makhleb.
  9739 | D:10     | Found a broken altar of Ashenzari.
  9978 | D:11     | XOM: 3-stop teleportation journey
  9981 | D:11     | XOM: stat loss: -1 Int (20/21)
 10004 | D:11     | a troll changed into a harpy
 10004 | D:11     | Noticed a harpy (shapeshifter)
 10009 | D:11     | XOM: stat loss: -1 Str (6/7)
 10011 | D:11     | Killed a harpy
 10071 | D:9      | XOM: give mutations
 10071 | D:9      | Lost mutation: You heal very quickly. [Xom's mischief]
 10071 | D:9      | Lost mutation: Your flesh is cold resistant. (rC+) [Xom's
                  | mischief]
 10071 | D:9      | Lost mutation: Your natural rate of healing is unusually
                  | fast. [Xom's mischief]
 10099 | Lair:1   | Entered Level 1 of the Lair of Beasts
 10258 | Lair:1   | Noticed Gastronok
 10267 | Lair:1   | Killed Gastronok
 10870 | Lair:2   | Noticed a skyshark
 10872 | Lair:2   | XOM: noise
 11118 | Lair:2   | Noticed a five-headed hydra
 11118 | Lair:2   | Noticed a boulder beetle
 11145 | Lair:1   | XOM: noise
 11173 | Lair:1   | XOM: summons 2 friendly demons
 11176 | Lair:1   | XOM: summons friendly quasit
 11230 | Lair:1   | XOM is BORED!
 11230 | Lair:1   | XOM: polymorph quasit -> iron imp
 11305 | Lair:1   | Killed a five-headed hydra
 11321 | Lair:2   | XOM: divination: magic mapping
 11358 | Lair:1   | XOM: noise
 11372 | Lair:1   | XOM: divination: detect creatures
 11378 | Lair:1   | XOM: cast spell 'Monstrous Menagerie'
 11396 | Lair:1   | Gained mutation: Your thick and shaggy fur keeps you warm.
                  | (AC +3, rC+) [Felid growth]
 11396 | Lair:1   | Reached XP level 12. HP: 27/52 MP: 6/14
 11964 | Lair:1   | XOM: silly message
 12279 | Lair:1   | XOM: silly message
 12338 | Lair:2   | Found a staircase to the Swamp.
 12388 | Lair:2   | XOM: cleaving
 12396 | Lair:2   | Killed a boulder beetle
 12480 | Lair:2   | XOM: destruction
 12625 | Lair:2   | XOM: summons 1 hostile demon
 12703 | Lair:2   | XOM: polymorph yak -> human
 12709 | Lair:2   | XOM: summons friendly ufetubus
 12746 | Lair:2   | Found a hole to the Spider Nest.
 12761 | Lair:2   | Noticed a seven-headed hydra
 12774 | Lair:2   | Killed a seven-headed hydra
 12934 | Lair:2   | Found a runed translucent door.
 12934 | Lair:2   | Noticed freelancePsychic's ghost (journeyman DEIE)
 13316 | Lair:2   | Reached XP level 13. HP: 59/59 MP: 15/15
 13351 | Lair:3   | XOM: draining
 13577 | Lair:3   | XOM: give mutations
 13577 | Lair:3   | Gained mutation: You expend magic power (3 MP) to
                  | strengthen your wands. [Xom's grace]
 13577 | Lair:3   | Gained mutation: You are highly strong-willed. (Will++)
                  | [Xom's grace]
 13577 | Lair:3   | Gained mutation: You are very agile. (Dex +8, Str/Int -2)
                  | [Xom's grace]
 13577 | Lair:3   | Gained mutation: You have an increased reservoir of magic.
                  | (+10% MP) [Xom's grace]
 13904 | Lair:3   | HP: 1/56 [death yak (20)]
 13904 | Lair:3   | XOM: butterfly on damage
 14115 | Lair:2   | XOM: cleaving
 14118 | Lair:2   | XOM: summons 3 friendly demons
 14128 | Lair:2   | Mangled by a death yak
 14129 | Lair:2   | Reached XP level 12. HP: -8/53 MP: 0/15
 14182 | Lair:2   | XOM: noise
 14189 | Lair:2   | Killed a death yak
 14190 | Lair:2   | XOM: cast spell 'Summon Mana Viper'
 14196 | Lair:2   | Killed a death yak
 14325 | Lair:3   | Reached skill level 10 in Shapeshifting
 14393 | Lair:3   | XOM: destruction
 14411 | Lair:3   | XOM: noise
 14427 | Lair:3   | XOM: summons 2 friendly demons
 14571 | Lair:3   | XOM: summons 6 hostile demons
 14584 | Lair:3   | XOM: enchant monster (bad)
 14588 | Lair:3   | XOM: enchant monster (bad)
 14593 | Lair:3   | XOM: noise
 14602 | Lair:3   | XOM: potion effect (brilliance)
 14603 | Lair:3   | XOM: summons friendly quasit
 14610 | Lair:3   | Killed a death yak
 14618 | Lair:3   | Killed a death yak
 14621 | Lair:3   | XOM: enchant monster (good)
 14690 | Lair:3   | XOM: smoke on damage
 14775 | Lair:3   | XOM: polymorph quasit -> shadow imp
 14861 | Lair:3   | Killed a death yak
 14862 | Lair:3   | Reached XP level 13. HP: 61/61 MP: 10/16
 15075 | Lair:4   | XOM: enchant monster (good)
 15078 | Lair:4   | XOM: summons friendly quasit
 15088 | Lair:4   | XOM: potion effect (haste)
 15095 | Lair:4   | XOM: cast spell 'Cause Fear'
 15103 | Lair:4   | Reached skill level 10 in Fighting
 15145 | Lair:4   | Found a staircase to the Slime Pits.
 15145 | Lair:4   | Found a viscous altar of Jiyva.
 15161 | Lair:4   | XOM: fog
 15184 | Lair:4   | XOM: divination: detect creatures
 15186 | Lair:4   | XOM: polymorph endoplasm -> hobgoblin
 15187 | Lair:4   | XOM: polymorph hobgoblin -> gnoll
 15198 | Lair:3   | XOM: summons friendly iron imp
 15218 | Lair:4   | XOM: give mutations
 15218 | Lair:4   | Lost mutation: You are very agile. (Dex +8, Str/Int -2)
                  | [Xom's mischief]
 15218 | Lair:4   | Gained mutation: You are extremely strong-willed. (Will+++)
                  | [Xom's mischief]
 15218 | Lair:4   | Lost mutation: You possess an exceptional clarity of mind.
                  | [Xom's mischief]
 15220 | Lair:4   | XOM: potion effect (berserk rage)
 15269 | Lair:4   | XOM: enchant monster (good)
 15294 | Lair:4   | XOM: polymorph blink frog -> rime drake
 15299 | Lair:4   | XOM: polymorph rime drake -> shapeshifter
 15305 | Lair:4   | XOM: polymorph polar bear -> shapeshifter
 15425 | Lair:4   | XOM: polymorph yak -> raiju
 15429 | Lair:4   | XOM: 4-stop teleportation journey
 15457 | Lair:4   | XOM: give mutations
 15457 | Lair:4   | Lost mutation: You are extremely strong-willed. (Will+++)
                  | [Xom's mischief]
 15457 | Lair:4   | Lost mutation: You are partially covered in iridescent
                  | scales. (AC +2) [Xom's mischief]
 15504 | Lair:4   | Found a frozen archway.
 15513 | IceCv    | Entered an ice cave
 15541 | IceCv    | XOM: confusion
 16400 | IceCv    | XOM: give mutations
 16400 | IceCv    | Lost mutation: You have an increased reservoir of magic.
                  | (+10% MP) [Xom's mischief]
 16400 | IceCv    | Lost mutation: You expend magic power (3 MP) to strengthen
                  | your wands. [Xom's mischief]
 16400 | IceCv    | Lost mutation: You are highly strong-willed. (Will++)
                  | [Xom's mischief]
 16400 | IceCv    | Gained mutation: Potions are less effective at restoring
                  | your health. [Xom's mischief]
 16588 | IceCv    | XOM: 2-stop teleportation journey
 16653 | IceCv    | XOM: god gift: wand of flame (6)
 16766 | IceCv    | XOM: divination: detect items
 16874 | Lair:4   | XOM: divination: detect items
 17017 | Lair:4   | XOM: silly message
 17199 | Lair:4   | XOM: potion effect (berserk rage)
 17209 | Lair:4   | XOM: potion effect (invisibility)
 17376 | Lair:4   | XOM: silly message
 17532 | Lair:4   | XOM: silly message
 17558 | Lair:4   | XOM: noise
 17570 | Lair:5   | Entered Level 5 of the Lair of Beasts
 17606 | Lair:5   | XOM: silly message
 17609 | Lair:5   | XOM: confusion
 17622 | Lair:5   | Found a large runed translucent door.
 17622 | Lair:5   | Found a large runed translucent door.
 17622 | Lair:5   | XOM: 1-stop teleportation journey
 17646 | Lair:5   | XOM: fog
 17647 | Lair:5   | XOM: confuse monster(s)
 17651 | Lair:5   | HP: 3/62 [dream sheep (15)]
 17819 | Lair:4   | XOM: god gift: book of Minor Magic
 17866 | Lair:5   | XOM: destruction
 18000 | Lair:5   | XOM: summons 12 friendly demons
 18020 | Lair:5   | Reached skill level 15 in Dodging
 18049 | Lair:5   | XOM: stat loss: -1 Str (6/7)
 18052 | Lair:5   | Found a gate leading to a gauntlet.
 18058 | Lair:5   | XOM: fog
 18073 | Lair:5   | XOM: cast spell 'Summon Hydra'
 18096 | Gauntlet | Entered a Gauntlet
 18096 | Gauntlet | Found a transporter.
 18096 | Gauntlet | Found a transporter.
 18147 | Gauntlet | Found a transporter.
 18147 | Gauntlet | Found a transporter.
 18161 | Gauntlet | Found a transporter.
 18167 | Gauntlet | Found a transporter.
 18167 | Gauntlet | Found a transporter.
 18191 | Gauntlet | Found a transporter.
 18198 | Gauntlet | Found a transporter.
 18210 | Gauntlet | Found a transporter.
 18250 | Gauntlet | Found a transporter.
 18292 | Gauntlet | Found a transporter.
 18314 | Gauntlet | Found a transporter.
 18393 | Gauntlet | Found a transporter.
 18409 | Gauntlet | Found a transporter.
 18430 | Gauntlet | Found a transporter.
 18592 | Gauntlet | Reached XP level 14. HP: 26/67 MP: 7/16
 18826 | Gauntlet | Identified the ring "Hoharud" {Ice rElec rN+ Dex-4}
 18856 | Gauntlet | XOM: give mutations
 18856 | Gauntlet | Lost mutation: You are agile. (Dex +4, Str/Int -1) [Xom's
                  | mischief]
 18856 | Gauntlet | Lost mutation: Your mind is very acute. (Int +8, Str/Dex
                  | -2) [Xom's mischief]
 18856 | Gauntlet | Gained mutation: You are extremely frail. (-30% HP) [Xom's
                  | mischief]
 18856 | Gauntlet | Lost mutation: Your flesh is heat resistant. (rF+) [Xom's
                  | mischief]
 18910 | Gauntlet | XOM: cast spell 'Monstrous Menagerie'
 18915 | Gauntlet | Mangled by a large abomination
 18916 | Gauntlet | Reached XP level 13. HP: -11/44 MP: 0/15
 18941 | Gauntlet | Identified the amulet "Raga" {Rampage rPois rF+ rN+ Regen+}
 19123 | Gauntlet | XOM: divination: detect creatures
 19165 | Gauntlet | Learned a level 2 spell: Ensorcelled Hibernation
 19168 | Gauntlet | Learned a level 2 spell: Passwall
 19184 | Gauntlet | Noticed a minotaur
 19185 | Gauntlet | XOM: summons 5 friendly demons
 19193 | Gauntlet | Killed a minotaur
 19215 | Gauntlet | Identified the +4 short sword of the Arena {flame, rElec
                  | rN+ Int+4}
 19215 | Gauntlet | Identified the staff "Hovvoupt" {rN+ Dex+2 Conj}
 19357 | Lair:5   | XOM: cast spell 'Disjunction'
 19382 | Lair:5   | Reached skill level 1 in Transmutations
 19456 | Lair:5   | Reached skill level 1 in Ice Magic
 19456 | Lair:5   | Reached skill level 1 in Earth Magic
 19510 | Lair:5   | XOM: torment (32/56 hp)
 19514 | Lair:5   | Noticed a fire dragon
 19592 | Lair:5   | XOM: silly message
 19682 | Lair:5   | XOM: polymorph lava snake -> steam dragon
 19852 | Lair:5   | XOM: enchant monster (bad)
 19853 | Lair:5   | XOM: noise
 20021 | Lair:5   | XOM: summons 3 hostile shadow creatures
 21055 | Lair:2   | XOM: torment (32/56 hp)
 21090 | Lair:2   | XOM: summons 2 hostile shadow creatures
 21097 | Lair:2   | XOM: give mutation
 21097 | Lair:2   | Lost mutation: You have a pair of small horns on your head.
                  | [Xom's mischief]
 21105 | Lair:2   | XOM: potion effect (invisibility)
 21133 | Lair:2   | Killed freelancePsychic's ghost
 21312 | D:11     | Found a staircase to the Orcish Mines.
 21321 | D:11     | XOM: silly message
 21346 | D:11     | XOM: confuse monster(s)
 21350 | D:11     | XOM: confuse monster(s)
 21379 | D:11     | XOM: chaos upgrade
 21386 | D:11     | XOM: polymorph two-headed ogre -> lindwurm
 21486 | D:11     | XOM: summons 7 hostile demons
 21677 | D:11     | XOM: summons 7 hostile demons
 21792 | D:11     | XOM: stat loss: -1 Dex (16/17)
 22042 | D:11     | XOM: 2-stop teleportation journey
 22354 | D:11     | XOM: summons 2 hostile shadow creatures
 22457 | D:12     | XOM: 2-stop teleportation journey
 22488 | D:12     | XOM: smoke on damage
 22532 | D:12     | XOM: polymorph slime creature -> elephant
 22586 | D:12     | XOM: scenery: create altars
 22622 | D:12     | Found a shimmering altar of Xom.
 22627 | D:12     | Found a shimmering altar of Xom.
 22627 | D:12     | Found a shimmering altar of Xom.
 22628 | D:12     | Found a shimmering altar of Xom.
 22648 | D:12     | XOM: destruction
 22680 | D:12     | XOM: scenery: create altars
 22887 | D:12     | Identified the ring "Queh" {*Slow Fly Str+4 Int+4}
 23136 | Orc:1    | Entered Level 1 of the Orcish Mines
 23182 | Orc:1    | XOM: potion effect (experience)
 23182 | Orc:1    | Reached skill level 15 in Unarmed Combat
 23182 | Orc:1    | Reached XP level 14. HP: 60/60 MP: 16/16
 23237 | Orc:1    | XOM: scenery: create altars
 23263 | Orc:1    | XOM: smoke on damage
 23263 | Orc:1    | XOM: torment (34/60 hp)
 23293 | Orc:2    | Entered Level 2 of the Orcish Mines
 23293 | Orc:2    | XOM: silly message
 23303 | Orc:2    | XOM: butterfly on damage
 23360 | Orc:2    | XOM: silly message
 23474 | Orc:1    | Reached XP level 15. HP: 31/63 MP: 17/17
 23555 | Orc:2    | Noticed Nessos
 23564 | Orc:2    | Killed Nessos
 23673 | Orc:1    | XOM: divination: detect creatures
 24242 | Orc:2    | XOM: smoke on damage
 24360 | Orc:2    | Found Oneoj's Jewellery Emporium.
 24372 | Orc:2    | Found Gemakl Fise's Weapon Shoppe.
 24545 | Orc:2    | Reached skill level 10 in Hexes
 24624 | Orc:2    | Identified the staff "Ummaec" {rElec rF- rC+ rN+ SInv Ice}
 24705 | Orc:2    | Found a staircase to the Elven Halls.
 24759 | Orc:2    | Found Dawuan's General Store.
 24765 | Orc:2    | XOM: give mutation
 24765 | Orc:2    | Gained mutation: You are highly strong-willed. (Will++)
                  | [Xom's grace]
 24901 | Orc:2    | XOM: god gift: potion of curing
 25192 | Orc:2    | XOM: god gift: 12 gold pieces
 25324 | Orc:2    | XOM: butterfly on damage
 25371 | Orc:2    | XOM: enchant monster (good)
 25537 | Orc:2    | Bought a phial of floods for 560 gold pieces
 25537 | Orc:2    | Bought a potion of haste for 140 gold pieces
 25537 | Orc:2    | Bought a scroll of fear for 56 gold pieces
 25561 | Orc:2    | Found Narixan's Distillery.
 25581 | Orc:2    | Bought a potion of heal wounds for 85 gold pieces
 25581 | Orc:2    | Bought a potion of heal wounds for 85 gold pieces
 25617 | Orc:2    | XOM: confuse monster(s)
 25745 | Orc:2    | XOM: god gift: shortbow {god gift}
 25832 | Orc:2    | XOM: destruction
 26222 | D:13     | Found Cisah's Armour Shoppe.
 26226 | D:13     | XOM: blink monster(s)
 26292 | D:13     | XOM: noise
 26310 | D:13     | XOM: 1-stop teleportation journey
 26525 | D:13     | XOM: 1-stop teleportation journey
 26668 | D:13     | XOM: give mutations
 26668 | D:13     | Lost mutation: Your mind is acute. (Int +4, Str/Dex -1)
                  | [Xom's mischief]
 26668 | D:13     | Gained mutation: Your body sometimes deteriorates upon
                  | taking damage. [Xom's mischief]
 26825 | D:14     | Reached skill level 1 in Evocations
 26900 | D:14     | XOM: 1-stop teleportation journey
 26908 | D:14     | XOM: smoke on damage
 27083 | D:14     | Found a gate to the Vaults.
 27125 | D:14     | XOM: butterfly on damage
 27125 | D:14     | XOM: smoke on damage
 27134 | D:14     | Shot with a bolt by a yaktaur captain
 27135 | D:14     | Reached XP level 14. HP: -19/60 MP: 18/18
 27169 | D:14     | Found a runed translucent gate.
 27169 | D:14     | Found a runed translucent gate.
 27170 | D:14     | Found a runed translucent gate.
 27188 | D:14     | XOM: summons friendly quasit
 27189 | D:14     | XOM: scenery: 3 doors open
 27193 | D:14     | Found a white marble altar of Elyvilon.
 27195 | D:14     | XOM: confuse monster(s)
 27196 | D:14     | XOM: potion effect (heal wounds)
 27197 | D:14     | XOM: fake destruction
 27204 | D:14     | Noticed Demosthentine's ghost (journeyman DsGl)
 27207 | D:14     | Found a glowing golden altar of the Shining One.
 27207 | D:14     | Found a glowing silver altar of Zin.
 27219 | D:14     | XOM: divination: detect creatures
 27227 | D:14     | Killed Demosthentine's ghost
 27275 | D:13     | XOM: give mutations
 27275 | D:13     | Gained mutation: You are partially covered in iridescent
                  | scales. (AC +2) [Xom's grace]
 27275 | D:13     | Lost mutation: You are frail. (-10% HP) [Xom's grace]
 27275 | D:13     | Gained mutation: You have a pair of small horns on your
                  | head. [Xom's grace]
 27275 | D:13     | Gained mutation: You expend magic power (3 MP) to
                  | strengthen your wands. [Xom's grace]
 27304 | D:14     | XOM: divination: magic mapping
 27361 | D:13     | XOM: give mutations
 27361 | D:13     | Lost mutation: You have a pair of small horns on your head.
                  | [Xom's mischief]
 27361 | D:13     | Lost mutation: You are highly strong-willed. (Will++)
                  | [Xom's mischief]
 27361 | D:13     | Lost mutation: You are strong-willed. (Will+) [Xom's
                  | mischief]
 27400 | D:14     | XOM: potion effect (haste)
 27433 | D:14     | XOM: potion effect (attraction)
 27436 | D:14     | XOM: butterfly on damage
 27738 | D:14     | XOM: potion effect (magic)
 27792 | D:14     | XOM: confuse monster(s)
 27827 | D:14     | XOM: enchant monster (good)
 27875 | D:14     | XOM: 5-stop teleportation journey
 28016 | D:14     | Identified the amulet of Suspected Treachery {Spirit Harm}
 28073 | D:15     | Entered Level 15 of the Dungeon
 28113 | D:15     | Reached XP level 15. HP: 71/71 MP: 19/19
 28165 | D:15     | XOM: enchant monster (bad)
 28183 | D:15     | XOM: silly message
 28212 | D:15     | Found Voiq's Jewellery Shoppe.
 28278 | D:15     | Reached skill level 5 in Ice Magic
 28548 | D:15     | Found a staircase to the Depths.
 28716 | D:15     | Reached skill level 5 in Transmutations
 28738 | D:15     | XOM: 3-stop teleportation journey
 28792 | D:15     | XOM: noise
 29286 | D:15     | XOM: swap monsters
 29515 | D:15     | Found a hide-covered altar of Uskayaw.
 29728 | D:15     | XOM: polymorph red ugly thing -> brown ugly thing
 29731 | D:15     | XOM: summons 2 hostile demons
 29737 | D:15     | XOM: enchant monster (bad)
 29832 | D:11     | XOM: summons 8 hostile demons
 29999 | Swamp:1  | Entered Level 1 of the Swamp
 30055 | Swamp:1  | Reached skill level 5 in Evocations
 30057 | Swamp:1  | XOM: chaos cloud
 30060 | Swamp:1  | Slain by a spriggan rider

Illustrated notes

Levels and vault maps discovered:
D:1:      saegor_arrival_simple_c, layout_rooms, ebering_dispersal_statue_hall
D:2:      layout_loops_ring, basic_altar, serial_shops, shop,
          nicolae_nh_oracle_at_delphi
D:3:      minmay_chambers_of_twos, layout_loops_ring, zin_angel, serial_shops,
          nicolae_shop_peninsula, minmay_checkerbox
D:4:      layout_loops_ring, tso_oasis_becter,
          lemuel_zombie_altar_kikubaaqudgha, minmay_temple_entry_waves,
          gup_sewer_entry_glass, uniq_menkaure
D:5:      layout_cave_pods, enter_ossuary_5, serial_park, serial_park_square1
          [serial_park_minivault_5x5_4], serial_park_square2,
          serial_park_avenue1, serial_park_tiny_1
D:6:      layout_gridville, lemuel_mausoleum_altar_yredelemnul, uniq_sigmund,
          uniq_grinder
D:7:      layout_layer_cave, nicolae_overflow_hidden_temple,
          nicolae_dithmenos_the_darkroom, enter_bailey_2,
          uniq_crazy_yiuf_cottage
D:8:      layout_rooms, grunt_gozag_statues,
          nicolae_ru_great_annihilating_truth, overflow_temple_1_default
D:9:      layout_roguey, lemuel_doored_altar, lair_entry_dummy, uniq_erolcha
D:10:     layout_irregular_city, mainiacjoe_overflow_divided_tiny, uniq_psyche
D:11:     layout_irregular_city, kennysheep_orc_monster_closet_entryway,
          nicolae_hexahallways
D:12:     layout_long_grid, xom_redecorated
D:13:     layout_stronghold, serial_shops, shop_statue, minmay_misc_feat_iff
D:14:     layout_long_grid, david_vaults_2, good_gods_temple_1,
          maelrawn_ghost_gauntlet_escape
D:15:     gammafunk_depths_entry_grave, layout_gridville, serial_shops, shop,
          nicolae_uskayaw_suspiria
Temple:   jpeg_temple_alley_garden
Lair:1:   layout_gridlike, uniq_gastronok
Lair:2:   layout_long_grid, swamp_mist_pool, dummy_spider_entry,
          gammafunk_ghost_grave, minivault_11, grunt_megastairs_5
Lair:3:   layout_regular_city, beast_lair_carwin_10
Lair:4:   layout_gridlike, nicolae_slime_entry_slimehenge,
          portal_ice_cave_entry_pillars_1, fungi_pond_lemuel, st_stairs_9,
          infiniplex_staircase_pool
Lair:5:   cheibrodos_lair_end_hotspot, layout_cave_shapes, serial_rivers,
          chequers_serial_rivers_micro_b, chequers_serial_rivers_large_b,
          chequers_serial_rivers_micro_b, chequers_serial_rivers_micro_e,
          gauntlet_entry_generic
Swamp:1:  layout_falls_marsh, evilmike_swamp_ruin_house_6
Orc:1:    layout_diamond_mine
Orc:2:    pubby_orc_utopia, uniq_nessos

Skill      XL: |  1  2  3  4  5  6  7  8  9 10 11 12 13 14 15 |
---------------+----------------------------------------------+-----
Stealth        | 1 2 3 4 6 7 11 12 | 12.0
Unarmed Combat | 4 5 7 9 10 12 13 15 17 | 17.0
Hexes          | 2 6 8 9 11 | 11.0
Fighting       | 4 5 6 9 11 | 11.9
Dodging        | 4 6 7 8 12 16 17 | 17.0
Spellcasting   | 1 2 |  2.0
Shapeshifting  | 3 5 7 9 10 | 10.0
Transmutations | 3 4 6 |  6.0
Ice Magic      | 3 5 |  5.0
Earth Magic    | 2 4 |  4.0
Evocations     | 2 5 |  5.0

Action                     |  1- 3 |  4- 6 |  7- 9 | 10-12 | 13-15 || total
---------------------------+-------+-------+-------+-------+-------++-------
  Melee: Unarmed           |    95 |   108 |   417 |   472 |  1799 ||  2891
         Bite              |     9 |    10 |    54 |    88 |   290 ||   451
         Punch             |       |     1 |    18 |    45 |   222 ||   286
         Headbutt          |       |     5 |    74 |   130 |   187 ||   396
         Maw               |       |       |       |    79 |   433 ||   512
   Cast: Confusing Touch   |       |       |     7 |    23 |    17 ||    47
         Ensorcelled Hiber |       |       |       |       |     5 ||     5
  Evoke: Piece from Xom's  |       |     1 |    15 |     5 |     9 ||    30
         Wand              |       |       |    10 |     4 |    20 ||    34
         Phantom mirror    |       |       |       |       |     1 ||     1
    Use: Potion            |     1 |       |     2 |     2 |     7 ||    12
         Scroll            |       |       |    13 |    10 |     8 ||    31
   Stab: Sleeping          |     8 |     5 |    29 |    16 |    57 ||   115
         Petrified         |       |       |     6 |       |     1 ||     7
         Confused          |       |       |     4 |    23 |    16 ||    43
         Paralysed         |       |       |     1 |     3 |     3 ||     7
         Distracted        |       |       |     1 |     4 |    10 ||    15
         Petrifying        |       |       |     1 |       |       ||     1
         Invisible         |       |       |       |       |     6 ||     6
         Fleeing           |       |       |       |       |     1 ||     1
 Armour: Skin              |     3 |     1 |    30 |    49 |   186 ||   269
  Dodge: Dodged            |    66 |    71 |   323 |   387 |  1752 ||  2599
  Block: Other             |       |    20 |    63 |       |       ||    83
         Reflection        |       |     1 |       |       |       ||     1
   Form: Beast             |       |       |     1 |       |       ||     1
         Maw               |       |       |       |     1 |     1 ||     2
                           |       |       |       |       |     1 ||     1

Table legend: (Time is in decaauts)
 A = Elapsed time spent in this place.
 B = Non-inter-level travel time spent in this place.
 C = Inter-level travel time spent in this place.
 D = Time resting spent in this place.
 E = Time spent auto-exploring this place.
 F = Levels seen in this place.
 G = Mean time per level.
                   A        B        C        D        E       F      G
               +--------+--------+--------+--------+--------+-----+--------+
         Total |  25361 |  23806 |   1555 |   4593 |  11618 |  29 |  874.5 |
       Dungeon |  12084 |  11189 |    895 |   1332 |   6608 |  15 |  805.6 |
        Temple |      1 |      1 |      0 |      0 |      0 |   1 |    1.0 |
          Lair |   7381 |   6825 |    556 |   1461 |   3302 |   5 | 1476.2 |
         Swamp |     49 |     49 |      0 |      0 |      6 |   1 |   49.0 |
  Orcish Mines |   2277 |   2175 |    102 |    455 |    963 |   2 | 1138.5 |
         Sewer |    346 |    346 |      0 |      8 |     73 |   1 |  346.0 |
       Ossuary |    470 |    470 |      0 |     67 |    216 |   1 |  470.0 |
        Bailey |    528 |    528 |      0 |    134 |     69 |   1 |  528.0 |
      Ice Cave |   1226 |   1226 |      0 |    821 |     71 |   1 | 1226.0 |
      Gauntlet |    994 |    994 |      0 |    312 |    307 |   1 |  994.0 |
               +--------+--------+--------+--------+--------+-----+--------+

Top non-repeatable levels by time:
  Lair:1: 1884 daAuts
   Orc:2: 1855 daAuts
  Lair:5: 1761 daAuts
  Lair:2: 1477 daAuts
    D:15: 1244 daAuts
     D:7: 1227 daAuts
   IceCv: 1226 daAuts
  Lair:3: 1142 daAuts
    D:14: 1141 daAuts
  Lair:4: 1114 daAuts
    D:11: 1011 daAuts
     D:4: 998 daAuts
Gauntlet: 994 daAuts
    D:13: 841 daAuts
    D:10: 825 daAuts
